[Event "ESP-chT Primera Division 2019"]
[Site "Linares"]
[Date "2019.08.26"]
[Round "1.8"]
[White "Salgado Lopez, Ivan"]
[Black "Alsina Leal, Daniel"]
[Result "1/2-1/2"]
[ECO "A28"]
[WhiteElo "2596"]
[BlackElo "2477"]
[Annotator "ChessBase"]
[PlyCount "73"]
[EventDate "2019.08.26"]
[EventType "team-tourn"]
[EventCountry "ESP"]
[SourceTitle "playchess.com"]
[Source "ChessBase"]
[SourceQuality "1"]
[TimeControl "5400+30"]

1. c4 e5 2. Nc3 Nf6 3. Nf3 Nc6 4. Qc2 g6 5. g3 Bg7 6. Bg2 O-O 7. O-O d5 8. cxd5 Nxd5 9. Nxd5 Qxd5 10. d3 Qd6 11. Be3 Nd4 12. Nxd4 exd4 13. Bf4 Be5 14. Bxe5 Qxe5 15. Rfe1 c6 16. Qb3 Qe7 17. a3 Be6 18. Qc2 a5 19. Rac1 a4 20. e3 Rfd8 21. e4 Bb3 22. Qc5 Qxc5 23. Rxc5 Ra6 24. f4 Rb6 25. Bf3 f6 26. Kf2 Kf8 27. Re2 Rb5 28. Rxb5 cxb5 29. e5 f5 30. Bxb7 Rb8 31. Bc6 Rb6 32. Bf3 Rb8 33. g4 Rc8 34. gxf5 gxf5 35. e6 Ke7 36. Re5 Rc2+ 37. Re2 1/2-1/2

[Event "ESP-chT Primera Division 2019"]
[Site "Linares"]
[Date "2019.08.26"]
[Round "1.10"]
[White "Sousa, Andre Ventura"]
[Black "Martinez Ramirez, Erik"]
[Result "1-0"]
[ECO "B27"]
[WhiteElo "2362"]
[BlackElo "2217"]
[Annotator "NA"]
[PlyCount "53"]
[EventDate "2019.08.26"]
[EventType "team-tourn"]
[EventCountry "ESP"]
[SourceTitle "playchess.com"]
[Source "ChessBase"]
[SourceQuality "1"]
[TimeControl "5400+30"]

1. e4 c5 2. Nf3 g6 3. d4 cxd4 4. Nxd4 Nf6 5. Nc3 Nc6 6. Nxc6 bxc6 7. e5 Ng8 8. Bc4 Bg7 9. Qf3 f5 10. Bf4 e6 11. O-O-O Qc7 12. h4 Rb8 13. h5 Rb4 14. hxg6 Rxc4 15. Rxh7 Rxf4 16. Qxf4 Rxh7 17. gxh7 Ne7 18. Rh1 Ng6 19. Qg5 Kf7 20. f4 d6 21. Rh6 Nh8 22. Rf6+ Ke8 23. exd6 Qxd6 24. Qxg7 Qxf4+ 25. Kd1 Qd4+ 26. Ke2 Qc4+ 27. Ke3 1-0

[Event "ESP-chT Primera Division 2019"]
[Site "Linares"]
[Date "2019.08.26"]
[Round "1.11"]
[White "Rivas Garcia, Victor"]
[Black "Gomez Dieguez, David"]
[Result "1/2-1/2"]
[ECO "C50"]
[WhiteElo "2165"]
[BlackElo "2296"]
[Annotator "NA"]
[PlyCount "81"]
[EventDate "2019.08.26"]
[EventType "team-tourn"]
[EventCountry "ESP"]
[SourceTitle "playchess.com"]
[Source "ChessBase"]
[SourceQuality "1"]
[TimeControl "5400+30"]

1. e4 e5 2. Bc4 Nf6 3. d3 Nc6 4. Nf3 Bc5 5. c3 a6 6. Bb3 Ba7 7. h3 h6 8. Nbd2 O-O 9. O-O d6 10. Nc4 Be6 11. Be3 b5 12. Ncd2 Bxe3 13. fxe3 d5 14. exd5 Nxd5 15. Qe2 Qe7 16. d4 Nb6 17. Bxe6 Qxe6 18. Nb3 exd4 19. cxd4 Rae8 20. Nc5 Qd6 21. Qf2 Nd5 22. Rfe1 f5 23. Nxa6 f4 24. exf4 Rxe1+ 25. Rxe1 Rxf4 26. Qe2 Nxd4 27. Nxd4 Rxd4 28. Qxb5 Qg3 29. Qe8+ Kh7 30. Qe5 Nf4 31. Qf5+ Ng6 32. Qf2 Qd6 33. Nxc7 Rd2 34. Ne8 Qb4 35. Qf7 Qxb2 36. Kh1 Qd4 37. Qf5 Rf2 38. Qb1 Qd5 39. Qe4 Qxa2 40. Qd4 Qf7 41. Nd6 1/2-1/2

[Event "ESP-chT Primera Division 2019"]
[Site "Linares"]
[Date "2019.08.26"]
[Round "1.12"]
[White "Hernandez Estevez, Yudania"]
[Black "Garcia-Castany Musellas, Gal.la"]
[Result "1/2-1/2"]
[ECO "C70"]
[WhiteElo "2247"]
[BlackElo "2149"]
[Annotator "NA"]
[PlyCount "89"]
[EventDate "2019.08.26"]
[EventType "team-tourn"]
[EventCountry "ESP"]
[SourceTitle "playchess.com"]
[Source "ChessBase"]
[SourceQuality "1"]
[TimeControl "5400+30"]

1. e4 e5 2. Nf3 Nc6 3. Bb5 a6 4. Ba4 Nge7 5. O-O g6 6. c3 Bg7 7. d4 exd4 8. cxd4 b5 9. Bb3 d6 10. h3 O-O 11. Nc3 Bb7 12. Bf4 Na5 13. Bc2 Nc4 14. Qc1 c5 15. Bh6 cxd4 16. Bxg7 Kxg7 17. Nxd4 Nc6 18. Nxc6 Bxc6 19. b3 Qf6 20. Ne2 Ne5 21. Qd2 Rfe8 22. Nd4 Rac8 23. Rad1 Nd7 24. Rfe1 Nc5 25. f3 Ne6 26. Nxe6+ Rxe6 27. b4 Rd8 28. Bb3 Re7 29. Re3 Qf4 30. Qc3+ Kg8 31. Red3 Be8 32. Rd5 Red7 33. Qd4 h5 34. Qb6 Kg7 35. a4 Rc8 36. axb5 axb5 37. Qd4+ Kh7 38. Rxb5 Rdc7 39. Rd5 Rc3 40. Ba2 Rc2 41. Bb1 Qg3 42. Bxc2 Rxc2 43. Rd2 Rc1+ 44. Rd1 Rc2 45. Rd2 1/2-1/2

[Event "ESP-chT Primera Division 2019"]
[Site "Linares"]
[Date "2019.08.26"]
[Round "1.15"]
[White "Rodriguez Amezqueta, Carlos"]
[Black "Henderson de La Fuente, Lance"]
[Result "0-1"]
[ECO "A40"]
[WhiteElo "2063"]
[BlackElo "2487"]
[Annotator "ChessBase"]
[PlyCount "104"]
[EventDate "2019.08.26"]
[EventType "team-tourn"]
[EventCountry "ESP"]
[SourceTitle "playchess.com"]
[Source "ChessBase"]
[SourceQuality "1"]
[TimeControl "5400+30"]

1. d4 e6 2. Bf4 Nf6 3. e3 c5 4. c3 b6 5. Nf3 Bb7 6. Bd3 Be7 7. h3 O-O 8. O-O d6 9. Nbd2 cxd4 10. exd4 Nbd7 11. Re1 Re8 12. Bh2 Bf8 13. a4 a6 14. Nc4 Qc7 15. Qe2 h6 16. Ncd2 Qc6 17. Ne4 Nxe4 18. Bxe4 Qxe4 19. Qxe4 Bxe4 20. Rxe4 b5 21. axb5 axb5 22. Ree1 Nb6 23. b3 Rxa1 24. Rxa1 Rc8 25. Rc1 g5 26. Kf1 d5 27. Ke2 Ra8 28. Kd3 Ra3 29. Nd2 f6 30. Kc2 Ra2+ 31. Kd3 Kf7 32. Rc2 Ra1 33. c4 bxc4+ 34. bxc4 dxc4+ 35. Nxc4 Nd5 36. Rb2 h5 37. Bd6 Bxd6 38. Nxd6+ Kg6 39. g3 Ra3+ 40. Kc2 h4 41. Rb3 Rxb3 42. Kxb3 g4 43. gxh4 gxh3 44. Ne4 Kh5 45. Ng3+ Kxh4 46. Nf1 Kg4 47. Nh2+ Kf4 48. Kc4 Ke4 49. Kc5 Nf4 50. Kc4 f5 51. Kc3 Ne2+ 52. Kd2 Nxd4 0-1

[Event "ESP-chT Primera Division 2019"]
[Site "Linares"]
[Date "2019.08.26"]
[Round "1.16"]
[White "Cramling, Pia"]
[Black "Fernandez Gonzalez, Juan Carlos"]
[Result "1-0"]
[ECO "E91"]
[WhiteElo "2493"]
[BlackElo "2396"]
[Annotator "ChessBase"]
[PlyCount "71"]
[EventDate "2019.08.26"]
[EventType "team-tourn"]
[EventCountry "ESP"]
[SourceTitle "playchess.com"]
[Source "ChessBase"]
[SourceQuality "1"]
[TimeControl "5400+30"]

1. Nf3 Nf6 2. c4 g6 3. Nc3 Bg7 4. e4 d6 5. d4 O-O 6. Be2 c6 7. h3 Qa5 8. Bd2 Nbd7 9. O-O Qc7 10. Bg5 e5 11. d5 Nc5 12. Nd2 h6 13. Be3 cxd5 14. cxd5 Bd7 15. Rc1 Rfc8 16. b4 Na6 17. Qb3 Qd8 18. Nc4 Be8 19. Na5 Qe7 20. Qb1 Bf8 21. Rc2 Nc7 22. Rfc1 b6 23. Nc6 Bxc6 24. dxc6 d5 25. exd5 Nfxd5 26. Nxd5 Nxd5 27. Bd2 Nxb4 28. Bxb4 Qxb4 29. Qxb4 Bxb4 30. c7 a5 31. Rd1 Kg7 32. Rc6 Ra7 33. Rd7 Bc5 34. Bc4 h5 35. Rxf7+ Kh6 36. Bd3 1-0

[Event "ESP-chT Primera Division 2019"]
[Site "Linares"]
[Date "2019.08.26"]
[Round "1.17"]
[White "Iglesias Ferreira, Andres"]
[Black "Castellanos Rodriguez, Renier"]
[Result "0-1"]
[ECO "B43"]
[WhiteElo "1845"]
[BlackElo "2493"]
[Annotator "ChessBase"]
[PlyCount "60"]
[EventDate "2019.08.26"]
[EventType "team-tourn"]
[EventCountry "ESP"]
[SourceTitle "playchess.com"]
[Source "ChessBase"]
[SourceQuality "1"]
[TimeControl "5400+30"]

1. e4 c5 2. Nf3 e6 3. d4 cxd4 4. Nxd4 a6 5. Nc3 Qc7 6. Bd3 Nf6 7. O-O d6 8. Qe2 Nbd7 9. Bd2 g6 10. Kh1 Bg7 11. f4 O-O 12. Rae1 Nc5 13. Nb3 b6 14. Nxc5 bxc5 15. f5 exf5 16. exf5 Bb7 17. fxg6 hxg6 18. Qe7 Qc6 19. Qe2 d5 20. Qf2 Rae8 21. Rxe8 Rxe8 22. Bg5 d4 23. Bxf6 Bxf6 24. Ne4 Rxe4 25. Qxf6 Qxf6 26. Rxf6 Re1+ 27. Rf1 Rxf1+ 28. Bxf1 Be4 29. Bd3 Bxd3 30. cxd3 c4 0-1

[Event "ESP-chT Primera Division 2019"]
[Site "Linares"]
[Date "2019.08.26"]
[Round "1.18"]
[White "Granero Roca, Antonio"]
[Black "Garcia Elio, Elisa"]
[Result "1-0"]
[ECO "A52"]
[WhiteElo "2354"]
[BlackElo "1812"]
[Annotator "NA"]
[PlyCount "49"]
[EventDate "2019.08.26"]
[EventType "team-tourn"]
[EventCountry "ESP"]
[SourceTitle "playchess.com"]
[Source "ChessBase"]
[SourceQuality "1"]
[TimeControl "5400+30"]

1. d4 Nf6 2. c4 e5 3. dxe5 Ng4 4. Bf4 Nc6 5. Nf3 Bb4+ 6. Nbd2 Qe7 7. e3 Ngxe5 8. Nxe5 Nxe5 9. Be2 O-O 10. O-O Bxd2 11. Qxd2 d6 12. Qc3 b6 13. b4 Re8 14. Rfc1 Ba6 15. a4 Ng6 16. Bg3 Bb7 17. c5 dxc5 18. bxc5 Bd5 19. a5 Nh4 20. Qd4 Be4 21. f3 Nxf3+ 22. gxf3 Bg6 23. e4 Rad8 24. Qe3 h5 25. Qf4 1-0

[Event "ESP-chT Primera Division 2019"]
[Site "Linares"]
[Date "2019.08.26"]
[Round "1.19"]
[White "Alonso Alvarez, Aitor"]
[Black "Kokarev, Dmitry"]
[Result "1/2-1/2"]
[ECO "A04"]
[WhiteElo "2305"]
[BlackElo "2598"]
[Annotator "ChessBase"]
[PlyCount "79"]
[EventDate "2019.08.26"]
[EventType "team-tourn"]
[EventCountry "ESP"]
[SourceTitle "playchess.com"]
[Source "ChessBase"]
[SourceQuality "1"]
[TimeControl "5400+30"]

1. Nf3 c5 2. g3 g6 3. Bg2 Bg7 4. d4 cxd4 5. Nxd4 Nc6 6. Nb3 d6 7. O-O Be6 8. Nc3 Bxc3 9. bxc3 Nf6 10. Bh6 Ng4 11. Bf4 Qd7 12. Nd4 O-O 13. Nxe6 Qxe6 14. Rb1 Rab8 15. Bd5 Qd7 16. c4 b6 17. Bg5 Rbc8 18. Qd2 Nce5 19. f3 Nf6 20. Bxf6 exf6 21. Qd4 Qc7 22. Rb4 Qc5 23. Qxc5 Rxc5 24. f4 Ng4 25. Rf3 Re8 26. e4 f5 27. exf5 gxf5 28. Ra4 Re1+ 29. Rf1 Rxf1+ 30. Kxf1 Ne3+ 31. Ke2 Nxd5 32. cxd5 Rxc2+ 33. Kd3 Rc7 34. Rc4 Rxc4 35. Kxc4 a6 36. a4 Kg7 37. Kb4 h5 38. h4 Kf6 39. a5 b5 40. Kc3 {[%emt 0:00:11] Ke5} 1/2-1/2

[Event "ESP-chT Primera Division 2019"]
[Site "Linares"]
[Date "2019.08.26"]
[Round "1.23"]
[White "Badillo Ramos, Steve"]
[Black "Cori T., Deysi"]
[Result "1/2-1/2"]
[ECO "B40"]
[WhiteElo "1967"]
[BlackElo "2400"]
[Annotator "NA"]
[PlyCount "70"]
[EventDate "2019.08.26"]
[EventType "team-tourn"]
[EventCountry "ESP"]
[SourceTitle "playchess.com"]
[Source "ChessBase"]
[SourceQuality "1"]
[TimeControl "5400+30"]

1. e4 c5 2. Nf3 e6 3. c4 Nc6 4. Nc3 Nge7 5. d4 Nxd4 6. Nxd4 cxd4 7. Qxd4 Nc6 8. Qd3 a6 9. Be2 Qc7 10. O-O Bc5 11. Kh1 b6 12. a3 Bb7 13. b4 Ne5 14. Bf4 Nxd3 15. Bxc7 Nxf2+ 16. Kg1 Nh3+ 17. Kh1 Bd4 18. gxh3 Rc8 19. Rad1 Bxc3 20. Bxb6 Bxe4+ 21. Bf3 f5 22. Bc5 Bc2 23. Rd6 Bf6 24. Rc1 Be4 25. Bxe4 fxe4 26. Rxa6 Be7 27. Bxe7 Kxe7 28. c5 Rhf8 29. Re1 Rf2 30. Rxe4 Rcf8 31. Rg4 g6 32. Rg2 Rf1+ 33. Rg1 R1f2 34. Rg2 Rf1+ 35. Rg1 R1f2 1/2-1/2

[Event "ESP-chT Primera Division 2019"]
[Site "Linares"]
[Date "2019.08.26"]
[Round "1.24"]
[White "Antunez Munoz, Ines"]
[Black "Bermudez Revuelta, Paula"]
[Result "1/2-1/2"]
[ECO "B22"]
[WhiteElo "1891"]
[BlackElo "1702"]
[Annotator "NA"]
[PlyCount "123"]
[EventDate "2019.08.26"]
[EventType "team-tourn"]
[EventCountry "ESP"]
[SourceTitle "playchess.com"]
[Source "ChessBase"]
[SourceQuality "1"]
[TimeControl "5400+30"]

1. e4 c5 2. c3 d5 3. exd5 Qxd5 4. d4 g6 5. Nf3 Bg7 6. Na3 cxd4 7. Bc4 Qe4+ 8. Be3 Nh6 9. cxd4 O-O 10. O-O Bg4 11. Ng5 Qxe3 12. fxe3 Bxd1 13. Raxd1 Nd7 14. Bb3 Rac8 15. Nc4 b5 16. Nd2 a5 17. Rc1 Rxc1 18. Rxc1 a4 19. Bd5 Nf5 20. Rc7 Nb6 21. Bc6 Nxe3 22. Ndf3 Nf5 23. b3 axb3 24. axb3 Bxd4+ 25. Kf1 b4 26. Be4 Bc3 27. Ke2 h6 28. Nh3 e6 29. Nf4 Nd4+ 30. Nxd4 Bxd4 31. Rb7 Rc8 32. Nd3 Rc2+ 33. Kd1 Rc3 34. Nc1 Re3 35. Bc2 Nd5 36. Rd7 Bc3 37. Nd3 Nf4 38. g3 Nxd3 39. Bxd3 Re1+ 40. Kc2 Rh1 41. h4 Rh2+ 42. Kc1 Rg2 43. h5 Rxg3 44. hxg6 fxg6 45. Bc4 Re3 46. Bd3 g5 47. Bh7+ Kf8 48. Bg6 Bg7 49. Rf7+ Kg8 50. Rb7 Rxb3 51. Bf7+ Kf8 52. Bxe6 Rc3+ 53. Kd2 Rf3 54. Rxb4 Bc3+ 55. Ke2 Bxb4 56. Kxf3 h5 57. Kg3 Ke7 58. Bd5 Kf6 59. Bf3 Kg6 60. Be2 Be1+ 61. Kh3 Kh6 62. Bf3 1/2-1/2

[Event "ESP-chT Primera Division 2019"]
[Site "Linares"]
[Date "2019.08.27"]
[Round "2.1"]
[White "Espinosa Aranda, Angel"]
[Black "Kokarev, Dmitry"]
[Result "1/2-1/2"]
[ECO "E91"]
[WhiteElo "2497"]
[BlackElo "2598"]
[Annotator "ChessBase"]
[PlyCount "41"]
[EventDate "2019.08.26"]
[EventType "team-tourn"]
[EventCountry "ESP"]
[SourceTitle "playchess.com"]
[Source "ChessBase"]
[SourceQuality "1"]
[TimeControl "5400+30"]

1. d4 Nf6 2. c4 g6 3. Nc3 Bg7 4. e4 d6 5. Nf3 O-O 6. Be2 c6 7. O-O e5 8. dxe5 dxe5 9. Nxe5 Nxe4 10. Nxe4 Bxe5 11. Bg5 Qxd1 12. Rfxd1 Nd7 13. Nd6 Nf6 14. Bf3 Kg7 15. Rd2 a5 16. Re1 Bxd6 17. Rxd6 Be6 18. Bd2 Kg8 19. Bg5 Kg7 20. Bd2 Kg8 21. Bg5 1/2-1/2

[Event "ESP-chT Primera Division 2019"]
[Site "Linares"]
[Date "2019.08.27"]
[Round "2.3"]
[White "Rubio Mejia, Luis Ignacio"]
[Black "Cuenca Jimenez, Jose Fernando"]
[Result "0-1"]
[ECO "E43"]
[WhiteElo "2435"]
[BlackElo "2515"]
[Annotator "ChessBase"]
[PlyCount "84"]
[EventDate "2019.08.26"]
[EventType "team-tourn"]
[EventCountry "ESP"]
[SourceTitle "playchess.com"]
[Source "ChessBase"]
[SourceQuality "1"]
[TimeControl "5400+30"]

1. d4 Nf6 2. c4 e6 3. Nc3 Bb4 4. e3 b6 5. Bd3 Bb7 6. Nf3 O-O 7. O-O d5 8. cxd5 exd5 9. a3 Bd6 10. b4 Nbd7 11. Qb3 a6 12. Bb2 Qe7 13. Rfd1 b5 14. Ne2 Nb6 15. Ng3 g6 16. Bc3 Ne4 17. Be1 Rae8 18. Nd2 Nxd2 19. Rxd2 h5 20. Nf1 h4 21. h3 f5 22. Re2 Kg7 23. Qc2 Qf6 24. Nh2 g5 25. Ra2 Re7 26. f4 gxf4 27. Nf3 Rxe3 28. Nxh4 Bc8 29. Bf2 Nc4 30. Nf3 Re4 31. a4 Bd7 32. axb5 Bxb5 33. Ne5 Nxe5 34. dxe5 Bxe5 35. Bxb5 axb5 36. Ra7 Rf7 37. Rd2 Rc4 38. Qd1 d4 39. Qe1 Qd6 40. Rd3 Rc3 41. Rd1 Re7 42. Rxd4 Qxd4 0-1

[Event "ESP-chT Primera Division 2019"]
[Site "Linares"]
[Date "2019.08.27"]
[Round "2.6"]
[White "Antunez Munoz, Ines"]
[Black "Rodrigo Yanguas, Maria"]
[Result "0-1"]
[ECO "A40"]
[WhiteElo "1891"]
[BlackElo "2079"]
[Annotator "NA"]
[PlyCount "58"]
[EventDate "2019.08.26"]
[EventType "team-tourn"]
[EventCountry "ESP"]
[SourceTitle "playchess.com"]
[Source "ChessBase"]
[SourceQuality "1"]
[TimeControl "5400+30"]

1. d4 e6 2. Bf4 f5 3. g4 Nf6 4. gxf5 exf5 5. Nf3 Be7 6. Nc3 O-O 7. Qd3 d5 8. Rg1 Ne4 9. Qe3 c5 10. Be5 Rf6 11. Nh4 f4 12. Qf3 Rf7 13. Qg2 Bxh4 14. Nxe4 dxe4 15. Bxg7 f3 16. exf3 exf3 17. Qxf3 Rxg7 18. Bc4+ Kh8 19. Rxg7 Kxg7 20. O-O-O Qf6 21. Qe4 Nc6 22. Rg1+ Kh6 23. Kb1 Bf5 24. Qe3+ Bg5 25. f4 Bh4 26. Qf3 Qxd4 27. Qf1 Re8 28. Qg2 Qxg1+ 29. Qxg1 Re1+ 0-1

[Event "ESP-chT Primera Division 2019"]
[Site "Linares"]
[Date "2019.08.27"]
[Round "2.12"]
[White "Bermudez Revuelta, Paula"]
[Black "Garcia Molina, Jose"]
[Result "1-0"]
[ECO "B84"]
[WhiteElo "1702"]
[BlackElo "1939"]
[Annotator "NA"]
[PlyCount "73"]
[EventDate "2019.08.26"]
[EventType "team-tourn"]
[EventCountry "ESP"]
[SourceTitle "playchess.com"]
[Source "ChessBase"]
[SourceQuality "1"]
[TimeControl "5400+30"]

1. e4 c5 2. Nf3 d6 3. d4 cxd4 4. Nxd4 Nf6 5. Nc3 a6 6. Be2 e6 7. O-O Be7 8. f4 O-O 9. Kh1 Qc7 10. a4 Nc6 11. Be3 Bd7 12. Nb3 Nb4 13. Bf3 e5 14. f5 d5 15. exd5 Bxf5 16. Rc1 Bd6 17. Be2 Bg6 18. Bg5 Nd7 19. Bh5 Rae8 20. Bxg6 hxg6 21. Ne4 f5 22. Nxd6 Qxd6 23. c3 f4 24. cxb4 Rf5 25. Bh4 Qxb4 26. Be1 Qd6 27. Na5 e4 28. Nc4 Qf6 29. Bc3 Qg5 30. Rg1 Qh4 31. Be1 Qg5 32. Nd6 Rxd5 33. Qb3 Re6 34. Rc8+ Nf8 35. Bb4 e3 36. Rxf8+ Kh7 37. Rh8+ 1-0

[Event "ESP-chT Primera Division 2019"]
[Site "Linares"]
[Date "2019.08.27"]
[Round "2.14"]
[White "Gonzalez Merino, Alberto"]
[Black "Salgado Lopez, Ivan"]
[Result "0-1"]
[ECO "A05"]
[WhiteElo "2226"]
[BlackElo "2596"]
[Annotator "ChessBase"]
[PlyCount "74"]
[EventDate "2019.08.26"]
[EventType "team-tourn"]
[EventCountry "ESP"]
[SourceTitle "playchess.com"]
[Source "ChessBase"]
[SourceQuality "1"]
[TimeControl "5400+30"]

1. Nf3 Nf6 2. c4 b6 3. g3 Bb7 4. Bg2 g6 5. O-O Bg7 6. Nc3 O-O 7. Qc2 c5 8. e4 Nc6 9. d3 d6 10. a3 e6 11. b3 Ng4 12. Bb2 Qd7 13. h3 Nge5 14. Nxe5 dxe5 15. Ne2 Rad8 16. Rad1 f5 17. f3 f4 18. g4 Bf6 19. Bc3 Qe7 20. Qb2 Ba6 21. Kh2 b5 22. Qa1 Kf7 23. Rh1 Rd7 24. Bf1 Rfd8 25. cxb5 Bxb5 26. Nc1 Nd4 27. Bxd4 cxd4 28. Qb2 Rc7 29. Kg1 Rdc8 30. Rh2 h5 31. Na2 Bh4 32. Rc1 Rxc1 33. Nxc1 Be1 34. Na2 Qh4 35. Qe2 Bg3 36. Rh1 Bxd3 37. Qg2 Rc2 0-1

[Event "ESP-chT Primera Division 2019"]
[Site "Linares"]
[Date "2019.08.27"]
[Round "2.16"]
[White "Fernandez Gonzalez, Juan Carlos"]
[Black "Sousa, Andre Ventura"]
[Result "0-1"]
[ECO "D86"]
[WhiteElo "2396"]
[BlackElo "2362"]
[Annotator "NA RC"]
[PlyCount "88"]
[EventDate "2019.08.26"]
[EventType "team-tourn"]
[EventCountry "ESP"]
[SourceTitle "playchess.com"]
[Source "ChessBase"]
[SourceQuality "1"]
[TimeControl "5400+30"]

1. d4 Nf6 2. c4 g6 3. Nc3 d5 4. cxd5 Nxd5 5. e4 Nxc3 6. bxc3 Bg7 7. Bc4 c5 8. Be3 Nc6 9. Ne2 O-O 10. O-O Bg4 11. f3 Bd7 12. Rb1 Qc7 13. dxc5 Na5 14. Bd3 Rfd8 15. Qc2 Be6 16. Rfd1 Nc4 17. Bxc4 Bxc4 18. Kh1 Qa5 19. h3 Bb5 20. Rxd8+ Rxd8 21. Nd4 Ba4 22. Qb2 Bc6 23. a3 Be5 24. Qb4 Qa6 25. Nxc6 bxc6 26. Bd4 Bf4 27. e5 Qd3 28. Qb2 Qf5 29. Re1 Qg5 30. Re4 Qg3 31. Rxf4 Qxf4 32. Qb7 a5 33. Qb6 Re8 34. Qb7 a4 35. Kg1 Kf8 36. Qb6 Qc1+ 37. Kh2 Qxa3 38. e6 Qb3 39. Qxc6 Qb8+ 40. Kg1 a3 41. exf7 Rd8 42. Qe4 a2 43. c4 Qb1+ 44. Kh2 Qxe4 0-1

[Event "ESP-chT Primera Division 2019"]
[Site "Linares"]
[Date "2019.08.27"]
[Round "2.17"]
[White "Gomez Dieguez, David"]
[Black "Iglesias Ferreira, Andres"]
[Result "1-0"]
[ECO "B23"]
[WhiteElo "2296"]
[BlackElo "1845"]
[Annotator "NA"]
[PlyCount "59"]
[EventDate "2019.08.26"]
[EventType "team-tourn"]
[EventCountry "ESP"]
[SourceTitle "playchess.com"]
[Source "ChessBase"]
[SourceQuality "1"]
[TimeControl "5400+30"]

1. e4 c5 2. Nc3 e6 3. Nf3 a6 4. g3 b5 5. d4 cxd4 6. Nxd4 Bb7 7. Bg2 b4 8. Na4 Nf6 9. O-O d6 10. Re1 Qc7 11. c3 bxc3 12. Nxc3 Nbd7 13. Nd5 Qd8 14. Qa4 Be7 15. Nxe7 Qxe7 16. e5 Nd5 17. exd6 Qf6 18. Nc6 N7b6 19. d7+ Kxd7 20. Ne5+ Ke7 21. Qa3+ Ke8 22. Be3 Nd7 23. Nc4 Bc6 24. Nd6+ Kf8 25. Rac1 Ne5 26. Ne4+ Qe7 27. Bc5 f5 28. Bxe7+ Nxe7 29. Ng5 Bxg2 30. Kxg2 1-0

[Event "ESP-chT Primera Division 2019"]
[Site "Linares"]
[Date "2019.08.27"]
[Round "2.18"]
[White "Garcia Elio, Elisa"]
[Black "Hernandez Estevez, Yudania"]
[Result "0-1"]
[ECO "A49"]
[WhiteElo "1812"]
[BlackElo "2247"]
[Annotator "NA"]
[PlyCount "82"]
[EventDate "2019.08.26"]
[EventType "team-tourn"]
[EventCountry "ESP"]
[SourceTitle "playchess.com"]
[Source "ChessBase"]
[SourceQuality "1"]
[TimeControl "5400+30"]

1. d4 Nf6 2. Nf3 g6 3. g3 Bg7 4. Bg2 O-O 5. O-O d6 6. Nbd2 c5 7. c3 Nc6 8. Re1 cxd4 9. Nxd4 Bd7 10. N2b3 Rc8 11. Bd2 Ng4 12. h3 Nge5 13. Bc1 Nxd4 14. Nxd4 b5 15. a3 Qb6 16. e4 a5 17. Nc2 Be6 18. Be3 Qb8 19. Nd4 Bd7 20. Rc1 Nc4 21. Qe2 Nxe3 22. Qxe3 b4 23. axb4 axb4 24. c4 Rc5 25. b3 Ra5 26. Ra1 Ra3 27. Rad1 Rc8 28. Nc2 Ra2 29. Nd4 Qa7 30. Nf3 Bc3 31. Re2 Qa3 32. Rxa2 Qxa2 33. Qg5 Qxb3 34. Rf1 Bf6 35. Qa5 Qxc4 36. Nd2 Qc3 37. Nb1 Qd4 38. Qa2 Be6 39. Qa6 Rc2 40. Qa8+ Kg7 41. h4 Bc4 0-1

[Event "ESP-chT Primera Division 2019"]
[Site "Linares"]
[Date "2019.08.27"]
[Round "2.23"]
[White "Pallardo Lozoya, Jose Vicente"]
[Black "Rivas Garcia, Victor"]
[Result "1/2-1/2"]
[ECO "B26"]
[WhiteElo "2380"]
[BlackElo "2165"]
[Annotator "NA"]
[PlyCount "67"]
[EventDate "2019.08.26"]
[EventType "team-tourn"]
[EventCountry "ESP"]
[SourceTitle "playchess.com"]
[Source "ChessBase"]
[SourceQuality "1"]
[TimeControl "5400+30"]

1. e4 c5 2. Nc3 Nc6 3. g3 g6 4. Bg2 Bg7 5. d3 d6 6. Be3 Rb8 7. Qd2 b5 8. f4 Bd7 9. Nf3 b4 10. Nd1 Nd4 11. Nh4 Qb6 12. O-O Nh6 13. Kh1 f5 14. Bg1 O-O 15. Ne3 e6 16. Nc4 Qc7 17. e5 d5 18. Ne3 Rfd8 19. Nf3 Nxf3 20. Bxf3 c4 21. dxc4 dxc4 22. Qg2 c3 23. b3 Bb5 24. Rfd1 a5 25. a4 Ba6 26. h3 Nf7 27. Rxd8+ Rxd8 28. Rd1 Rd7 29. Rxd7 Qxd7 30. Be2 Bb7 31. Bf3 Ba6 32. Be2 Bb7 33. Bf3 Ba6 34. Be2 1/2-1/2

[Event "ESP-chT Primera Division 2019"]
[Site "Linares"]
[Date "2019.08.28"]
[Round "3.4"]
[White "Almagro Llamas, Pablo"]
[Black "Martinez Ramirez, Erik"]
[Result "1-0"]
[ECO "A15"]
[WhiteElo "2453"]
[BlackElo "2217"]
[Annotator "ChessBase"]
[PlyCount "49"]
[EventDate "2019.08.26"]
[EventType "team-tourn"]
[EventCountry "ESP"]
[SourceTitle "playchess.com"]
[Source "ChessBase"]
[SourceQuality "1"]
[TimeControl "5400+30"]

1. c4 Nf6 2. Nf3 g6 3. Nc3 d5 4. cxd5 Nxd5 5. g3 Bg7 6. Bg2 O-O 7. O-O Nc6 8. d4 Nb6 9. e3 Re8 10. Qe2 e5 11. dxe5 Nxe5 12. Nxe5 Bxe5 13. e4 Be6 14. Rd1 Qf6 15. f4 Bxc3 16. bxc3 Qxc3 17. Bb2 Qa5 18. f5 Bc8 19. Rac1 Nd7 20. Qe3 Qxa2 21. Qc3 Ne5 22. Rd8 Rxd8 23. Qxe5 f6 24. Qxf6 Rd7 25. fxg6 1-0

[Event "ESP-chT Primera Division 2019"]
[Site "Linares"]
[Date "2019.08.28"]
[Round "3.6"]
[White "Arno Bendicho, Xenia"]
[Black "Garcia-Castany Musellas, Gal.la"]
[Result "0-1"]
[ECO "A15"]
[WhiteElo "1774"]
[BlackElo "2149"]
[Annotator "NA"]
[PlyCount "102"]
[EventDate "2019.08.26"]
[EventType "team-tourn"]
[EventCountry "ESP"]
[SourceTitle "playchess.com"]
[Source "ChessBase"]
[SourceQuality "1"]
[TimeControl "5400+30"]

1. c4 Nf6 2. Nf3 e6 3. g3 d5 4. Bg2 Bd6 5. O-O O-O 6. d3 b6 7. a3 Bb7 8. b3 Nbd7 9. Bb2 a6 10. Nbd2 Re8 11. Rc1 Qe7 12. Nb1 Rad8 13. Nfd2 Ba8 14. Re1 c5 15. Nc3 Be5 16. Nf3 Bc7 17. Qc2 d4 18. Nb1 Ng4 19. h3 Nge5 20. Nbd2 h5 21. Nxe5 Nxe5 22. Bxa8 Rxa8 23. Nf3 Nxf3+ 24. exf3 h4 25. f4 Qf6 26. Re4 g6 27. Qe2 Kg7 28. Qf3 Rh8 29. g4 g5 30. f5 exf5 31. Qxf5 Qxf5 32. gxf5 Kf6 33. Rce1 Bd6 34. Bc1 Kxf5 35. Rg4 f6 36. Ree4 Rhg8 37. f3 b5 38. cxb5 axb5 39. Re2 Rge8 40. Rge4 Rxe4 41. fxe4+ Ke6 42. Kf1 Ke5 43. Ke1 c4 44. bxc4 bxc4 45. dxc4 Bxa3 46. Kd1 Bxc1 47. Kxc1 Rc8 48. Rc2 Kxe4 49. Kd2 f5 50. c5 g4 51. hxg4 fxg4 0-1